 Dungeon Crawl Stone Soup version 0.19-a0-1899-g2d93087 (webtiles) character file.

8292 Lochraine the Basher (level 11, -9/109 HPs)
             Began as an Ogre Berserker on Oct 19, 2016.
             Was an Elder of Trog.
             Mangled by a very large slime creature (14 damage)
             ... on level 10 of the Dungeon.
             The game lasted 00:41:02 (9979 turns).

Lochraine the Basher (Ogre Berserker)               Turns: 9979, Time: 00:41:02

Health: -9/109     AC:  7    Str: 24    XL:     11   Next: 28%
Magic:  16/16      EV: 14    Int:  6    God:    Trog [****..]
Gold:   360        SH:  0    Dex: 12    Spells: 0 memorised, 10 levels left

rFire  . . .     SeeInvis .     u - +2 giant spiked club
rCold  . . .     Gourm    .     b - +0 animal skin
rNeg   . . .     Faith    .     (shield currently unavailable)
rPois  .         Spirit   .     (helmet restricted)
rElec  .         Reflect  .     h - +0 cloak
rCorr  .         Harm     .     (gloves unavailable)
MR     ++...                    (boots unavailable)
Stlth  ++........               (no amulet)
                                q - +3 ring of protection
                                j - ring of protection from magic

@: exhausted, slowed, very slow
A: unfitting armour, tough skin 1
a: Berserk, Trog's Hand, Brothers in Arms, Burn Spellbooks, Renounce Religion


You were on level 10 of the Dungeon.
You worshipped Trog.
Trog was greatly pleased with you.
You were very hungry.

You visited 2 branches of the dungeon, and saw 11 of its levels.

You collected 492 gold pieces.
You spent 132 gold pieces at shops.

Inventory:

Hand Weapons
 m - a +1 mace of crushing
 u - a +2 giant spiked club (weapon)
 J - a +0 giant club
 O - a +2 whip of electrocution
Missiles
 f - 3 silver javelins
 z - a poisoned javelin
 G - a large rock (quivered)
Armour
 b - a +0 animal skin (worn)
 h - a +0 cloak (worn)
Jewellery
 j - a ring of protection from magic (left hand)
 q - a +3 ring of protection (right hand)
 H - an uncursed ring of flight
 I - an uncursed ring of magical power
Wands
 w - a wand of iceblast (0/15)
 D - a wand of confusion (27/48)
 K - a wand of flame (20/48)
 N - a wand of random effects (23/48)
Scrolls
 d - 3 scrolls of identify
 o - a scroll of fog
 r - 3 scrolls of teleportation
 t - a scroll of remove curse {unknown}
 y - 2 scrolls of immolation
 C - a scroll of noise {unknown}
 F - a scroll of summoning {unknown}
 M - a scroll of recharging
 Q - a scroll of holy word {unknown}
Potions
 a - a potion of flight {unknown}
 e - a potion of brilliance
 g - 3 potions of curing
 i - 2 potions of lignification
 k - a potion of mutation
 l - a potion of magic
 n - a potion of agility
 s - 2 potions of might
 x - a potion of resistance {unknown}
 B - a potion of haste
Comestibles
 c - 8 bread rations
 p - 11 slices of pizza
 v - 2 beef jerkies
 A - a royal jelly
 E - 4 meat rations
 L - 4 chunks of flesh
 P - 2 fruits


   Skills:
 - Level 7.1 Fighting
 - Level 10.4 Maces & Flails
 - Level 7.1 Throwing
 + Level 0.7 Armour
 - Level 8.1 Dodging
 - Level 3.1 Stealth
 - Level 7.6 Evocations


You had 10 spell levels left.
You didn't know any spells.

Dungeon Overview and Level Annotations

Branches:
Dungeon (10/15)            Temple (1/1) D:6            Lair (0/6) D:10
    Orc: D:9-12

Altars:
Elyvilon
Gozag
Hepliaklqana
Nemelex Xobeh
Ru
Trog
Xom
Zin

Shops:
D:6 =*   D:8 !


Innate Abilities, Weirdness & Mutations

You are too large for most types of armour.
You have tough skin. (AC +1)


Message History

The large rock hits the very large slime creature but does no damage.
The very large slime creature is moderately wounded.
The very large slime creature barely misses you.
You impale the very large slime creature!!
The very large slime creature is moderately wounded.
The very large slime creature hits you!
The very large slime creature closely misses you.
You puncture the very large slime creature!
The very large slime creature is moderately wounded.
The very large slime creature hits you!!!
Ouch! That really hurt!
* * * LOW HITPOINT WARNING * * *
The very large slime creature hits you.
* * * LOW HITPOINT WARNING * * *
Okay, then.
A very large slime creature splits.
A slime creature suddenly becomes a large slime creature.
Two slime creatures merge to form a very large slime creature.
The very large slime creature hits you!
You die...

# ...# #.#
#.###.######.#
#....).......# .
##...)############
..
#......#)..J.......#
.≈≈
####.#.#.###J..)##.#
J... #.#.#W#
#....##'#./..≈ #
..#J# #....((.J.....
###@# ###......###.#
.........#
#..........
##########
#...(......#
######...... ......
...... ......


You could see a very large slime creature and a hungry ghost.

Vanquished Creatures
  The ghost of dobroeutro the Fighter, a novice FoHu of Okawaru (D:7)
  3 hill giants
  Psyche (D:8)
  Sigmund (D:2)
  Eustachio (D:6)
  4 hogs (D:7)
  Grum (D:8)
  A human (D:7)
  The ghost of dobroeutro the Bolt Thrower, an amateur FoHu (D:3)
  Menkaure (D:7)
  A sky beast (D:6)
  A black bear (D:8)
  An ice beast (D:10)
  2 orc warriors
  2 phantoms
  4 ogres
  4 wolves
  A centaur (D:9)
  3 necrophages (D:8)
  A big kobold (D:7)
  3 bullfrogs
  A wyvern skeleton (D:9)
  4 scorpions
  3 electric eels
  4 wights (D:6)
  A howler monkey (D:5)
  A bullfrog zombie (D:7)
  A centaur zombie (D:8)
  3 crimson imps
  2 quasits
  8 orc priests
  3 hounds
  2 jellies
  Crazy Yiuf (D:2)
  2 bullfrog skeletons
  A gnoll shaman (D:6)
  13 orc wizards
  4 iguanas
  6 worker ants
  A hound zombie (D:6)
  2 hound skeletons
  A worker ant zombie (D:8)
  10 gnolls
  11 adders
  A shadow imp (D:10)
  2 adder skeletons
  2 worms
  8 leopard geckos
  20 orcs
  9 bats
  5 giant cockroaches
  6 goblins
  8 hobgoblins
  21 jackals
  5 quokkas
  2 ball pythons
  5 frilled lizards
  12 kobolds
  A leopard gecko skeleton (D:4)
  3 rats
  A fungus (D:2)
234 creatures vanquished.

Vanquished Creatures (collateral kills)
  A hill giant (D:10)
  Prince Ribbit (D:8)
2 creatures vanquished.

Grand Total: 236 creatures vanquished

Notes
Turn   | Place    | Note
-------+----------+-------------------------------------------
     0 | D:1      | Lochraine the Ogre Berserker began the quest for the Orb.
     0 | D:1      | Reached XP level 1. HP: 24/24 MP: 1/1
   188 | D:1      | Reached XP level 2. HP: 32/32 MP: 2/2
   691 | D:2      | Reached XP level 3. HP: 4/39 MP: 3/3
  1068 | D:2      | Noticed Sigmund
  1195 | D:2      | Reached skill level 5 in Maces & Flails
  1403 | D:2      | Reached ** piety under Trog
  1456 | D:2      | Found a white marble altar of Elyvilon.
  1494 | D:2      | Killed Sigmund
  1494 | D:2      | Reached skill level 6 in Maces & Flails
  1494 | D:2      | Reached XP level 4. HP: 48/48 MP: 4/4
  1494 | D:2      | Reached XP level 5. HP: 54/54 MP: 5/5
  1803 | D:2      | Found a runed door.
  1807 | D:2      | Noticed Crazy Yiuf
  1813 | D:2      | Killed Crazy Yiuf
  1813 | D:2      | Reached XP level 6. HP: 62/62 MP: 6/6
  1870 | D:3      | Noticed dobroeutro's ghost (amateur FoHu)
  1878 | D:3      | Killed dobroeutro's ghost
  1878 | D:3      | Reached skill level 7 in Maces & Flails
  1878 | D:3      | Reached skill level 5 in Dodging
  2169 | D:3      | Reached XP level 7. HP: 66/70 MP: 7/7
  2175 | D:3      | Reached skill level 8 in Maces & Flails
  2707 | D:4      | Reached skill level 9 in Maces & Flails
  2885 | D:4      | Reached skill level 5 in Fighting
  3252 | D:4      | Reached *** piety under Trog
  3810 | D:5      | Entered Level 5 of the Dungeon
  3865 | D:5      | Found a shimmering altar of Xom.
  4183 | D:5      | Reached XP level 8. HP: 78/84 MP: 8/8
  4238 | D:5      | Reached skill level 1 in Throwing
  4670 | D:6      | Noticed Eustachio
  4683 | D:6      | Killed Eustachio
  4728 | D:6      | Found a staircase to the Ecumenical Temple.
  5034 | D:6      | Reached skill level 5 in Throwing
  5071 | D:6      | Found Yxutus's Hallowed Reliquary.
  5071 | D:6      | Found a glowing silver altar of Zin.
  5071 | D:6      | Noticed an angel
  5079 | D:6      | Bought a potion of curing for 42 gold pieces
  5267 | D:6      | Found Wusurch's Jewellery Boutique.
  5396 | D:6      | Reached **** piety under Trog
  5396 | D:6      | Reached XP level 9. HP: 69/93 MP: 9/9
  5833 | Temple   | Entered the Ecumenical Temple
  6031 | D:7      | Noticed Menkaure
  6038 | D:7      | Killed Menkaure
  6038 | D:7      | Reached skill level 1 in Evocations
  6100 | D:7      | Noticed dobroeutro's ghost (novice FoHu)
  6110 | D:7      | Killed dobroeutro's ghost
  6195 | D:7      | Reached skill level 5 in Evocations
  6209 | D:7      | Reached XP level 10. HP: 45/102 MP: 14/14
  7004 | D:8      | Noticed Psyche
  7169 | D:8      | Killed Psyche
  7169 | D:8      | Received a gift from Trog
  7197 | D:8      | Noticed Grum
  7202 | D:8      | Killed Grum
  7427 | D:8      | Noticed Prince Ribbit
  7446 | D:8      | Killed Prince Ribbit
  7607 | D:8      | Found Hizab's Distillery.
  7684 | D:8      | Bought a potion of heal wounds for 75 gold pieces
  7684 | D:8      | Bought a potion of degeneration for 15 gold pieces
  7940 | D:8      | Found a sacrificial altar of Ru.
  7940 | D:8      | Found a bloodstained altar of Trog.
  7941 | D:8      | Found a sparkling altar of Nemelex Xobeh.
  7951 | D:8      | Found an opulent altar of Gozag.
  8165 | D:9      | Found a hazy altar of Hepliaklqana.
  8262 | D:9      | Noticed a hill giant
  8267 | D:9      | Killed a hill giant
  8524 | D:9      | Noticed a hill giant
  8531 | D:9      | Killed a hill giant
  8579 | D:9      | Reached XP level 11. HP: 74/107 MP: 16/16
  9147 | D:9      | Reached skill level 10 in Maces & Flails
  9524 | D:10     | Entered Level 10 of the Dungeon
  9524 | D:10     | Found a staircase to the Lair.
  9559 | D:10     | Received a gift from Trog
  9574 | D:10     | Noticed a hill giant
  9605 | D:10     | Killed a hill giant
  9661 | D:10     | Noticed a hill giant
  9672 | D:10     | Killed a hill giant
  9975 | D:10     | HP: 4/109 [very large slime creature (6)]
  9979 | D:10     | Mangled by a very large slime creature

Vault maps used:
D:1:      dpeg_arrival_refuge, hangedman_glass_teeth
D:2:      nicolae_overflow_crystal_walls, kennysheep_boxes,
          uniq_crazy_yiuf_cottage, uniq_sigmund
D:5:      kennysheep_spiral_hall, xom_teletrap_fun, first_bread
D:6:      serial_shops, shop, nrook_mini_vaults, nicolae_good_shop,
          uniq_eustachio
D:7:      kennysheep_cluttered_room, grunt_livestock, uniq_menkaure
D:8:      nicolae_overflow_quartered_altars, serial_shops,
          nicolae_shop_temple_entry_statues_fountains, serial_undead,
          serial_undead_d, serial_undead_c, serial_undead_c, serial_undead_b,
          uniq_prince_ribbit1, uniq_psyche, uniq_grum
D:9:      cheibrodos_helix_gallery, kennysheep_little_box
Temple:   jpeg_temple_clearing

Skill      XL: |  1  2  3  4  5  6  7  8  9 10 11 |
---------------+----------------------------------+-----
Dodging        | 3 4 5 8 |  8.1
Maces & Flails | 6 7 9 10 | 10.4
Fighting       | 6 7 |  7.1
Throwing       | 6 7 |  7.1
Evocations     | 6 7 |  7.6
Stealth        | 3 |  3.1
Armour         | |  0.7

Action                   |  1- 3 |  4- 6 |  7- 9 | 10-12 || total
-------------------------+-------+-------+-------+-------++-------
Melee: Mace              |   107 |    63 |   201 |       ||   371
       Giant club        |       |       |   125 |   162 ||   287
       Giant spiked club |       |       |       |   118 ||   118
Throw: Javelin           |       |       |     6 |    13 ||    19
       Large rock        |       |       |       |     3 ||     3
Invok: Berserk           |     2 |     2 |     8 |    10 ||    22
       Trog's Hand       |     1 |       |     3 |       ||     4
       Brothers in Arms  |       |       |       |     2 ||     2
Evoke: Wand              |       |       |     1 |    13 ||    14
  Use: Potion            |       |       |     3 |     7 ||    10
       Scroll            |       |       |     3 |     9 ||    12
 Stab: Sleeping          |     1 |       |       |     1 ||     2
       Confused          |       |       |     2 |       ||     2
  Eat: Chunk             |     3 |     5 |    17 |    17 ||    42
       Meat ration       |       |       |     1 |       ||     1
       Bread ration      |       |       |       |     1 ||     1
Armor: Animal skin       |    51 |     9 |    89 |    96 ||   245
       Skin              |       |     1 |       |       ||     1
Dodge: Dodged            |    74 |    19 |   146 |   194 ||   433
